 Dungeon Crawl Stone Soup version 0.31-a0-516-gfcb59812bd (webtiles) character file.

Game seed: 934134074394094145

181732 GordonOverkill the Severer (level 17, -9/93 HPs)
             Began as a Vine Stalker Delver on Aug 10, 2023.
             Was a High Priest of Vehumet.
             Mangled by a vault guard
             ... wielding a +0 dire flail
             ... led by a vault warden
              (20 damage)
             ... on level 1 of the Vaults.
             The game lasted 01:39:16 (41382 turns).

GordonOverkill the Severer (Vine Stalker Delver)   Turns: 41382, Time: 01:39:17

Health: -9/93      AC: 14    Str: 24    XL:     17   Next: 95%
Magic:  0/34       EV: 18    Int: 15    God:    Vehumet [*****.]
Gold:   1038       SH:  0    Dex: 16    Spells: 13/40 levels left

rFire   . . .        a - +1 war axe (freeze)
rCold   . . .        (no shield)
rNeg    . . .        K - +0 steam dragon scales
rPois   .            t - +2 hat {Int+3}
rElec   .            W - +0 cloak
rCorr   .            U - +0 pair of gloves {Str+3}
SInv    .            N - +0 pair of boots
Will    ++...        w - amulet of regeneration
Stlth   +++          f - +4 ring of slaying
HPRegen 1.95/turn    c - +4 ring of protection
MPRegen 0.24/turn

%: guardian spirit
@: brilliant, studying Dodging, invisible
A: fangs 3, regeneration 1, magic shield, antimagic bite, no potion heal 2
}: 1/15 runes: barnacled
a: Renounce Religion


You were on level 1 of the Vaults.
You worshipped Vehumet.
Vehumet was extremely pleased with you.
You visited 6 branches of the dungeon, and saw 28 of its levels.
You also visited: Sewer.

You collected 2929 gold pieces.
You spent 1891 gold pieces at shops.

Inventory:

Hand Weapons
 a - a +1 war axe of freezing (weapon)
 b - a +2 heavy morningstar
Missiles
 h - 6 curare-tipped darts
 l - 47 poisoned darts (quivered)
 I - a throwing net
Armour
 i - a +0 robe of cold resistance
 t - a +2 hat of intelligence (worn)
 K - +0 steam dragon scales (worn)
 N - a +0 pair of boots (worn)
 U - a +0 pair of gloves of strength (worn)
 W - a +0 cloak (worn)
Jewellery
 c - a +4 ring of protection (right hand)
 f - a +4 ring of slaying (left hand)
 m - a ring of fire
 w - an amulet of regeneration (around neck)
 z - a ring of see invisible
 F - a +4 ring of protection
 S - a ring of protection from fire
 V - a ring of wizardry
 Z - a ring of protection from cold
Wands
 g - a wand of digging (17)
 p - a wand of mindburst (5)
 D - a wand of flame (6)
 J - a wand of charming (13)
Scrolls
 d - 7 scrolls of revelation
 k - 4 scrolls of butterflies
 u - 3 scrolls of enchant weapon
 v - 2 scrolls of poison
 x - 3 scrolls of fog
 y - 4 scrolls of immolation
 B - 4 scrolls of amnesia
 G - 3 scrolls of torment
 O - 9 scrolls of identify
 P - 3 scrolls of teleportation
Potions
 e - 5 potions of degeneration
 n - a potion of might
 o - 9 potions of heal wounds
 q - 5 potions of curing
 r - a potion of invisibility
 s - 3 potions of cancellation
 A - 6 potions of mutation
 C - 6 potions of attraction
 E - 2 potions of brilliance
 L - 3 potions of lignification
 Q - 2 potions of haste
 T - 5 potions of resistance
 X - a potion of enlightenment
 Y - 3 potions of ambrosia
Miscellaneous
 M - a box of beasts
 R - a phial of floods


   Skills:
 - Level 12.0 Fighting
 - Level 1.7 Short Blades
 - Level 16.0 Axes
 + Level 10.4 Dodging
 - Level 6.0 Stealth
 + Level 12.2 Spellcasting
 - Level 9.0 Conjurations
 - Level 9.0 Fire Magic
 + Level 12.2 Ice Magic
 - Level 7.0 Air Magic
 - Level 5.0 Evocations


You had 13 spell levels left.
You knew the following spells:

 Your Spells              Type           Power      Damage    Failure   Level
a - Sticky Flame          Conj/Fire      52%        2d7       1%          4
b - Freezing Cloud        Conj/Ice/Air   27%        6-21      1%          5
c - Airstrike             Air            22%        2d(4-20)  1%          4
d - Fireball              Conj/Fire      26%        3d12      1%          5
e - Blink                 Tloc           26%        N/A       12%         2
f - Ozocubu's Refrigerat  Ice            31%        4d14      12%         7

Your spell library contained the following spells:

 Spells                   Type           Power      Damage    Failure   Level
 Conjure Ball Lightning   Conj/Air       24%        3x3d7     12%         6
 Poisonous Vapours        Pois/Air       58%        N/A       1%          2
 Static Discharge         Conj/Air       98%        2-7/arc   1%          2
 Ignite Poison            Fire/Tmut/Pois 27%        N/A       1%          3
 Mephitic Cloud           Conj/Pois/Air  37%        N/A       1%          3
 Iskenderun's Battlesphe  Conj           52%        2d10      1%          5
 Cigotuvi's Dreadful Rot  Necr/Pois/Air  48%        N/A       4%          2
 Vhi's Electric Charge    Tloc/Air       58%        N/A       5%          3
 Slow                     Hex            52%        N/A       8%          1
 Lesser Beckoning         Tloc           26%        N/A       12%         2
 Summon Lightning Spire   Summ/Air       29%        N/A       19%         4
 Confusing Touch          Hex            13%        N/A       24%         3
 Gell's Gravitas          Tloc           13%        N/A       24%         3
 Teleport Other           Tloc           13%        N/A       24%         3
 Vampiric Draining        Necr           13%        2d6       24%         3
 Leda's Unmaking          Conj/Erth      16%        9d3       41%         6
 Lee's Rapid Deconstruct  Erth           6%         3d6*      45%         5
 Silence                  Hex/Air        14%        N/A       45%         5
 Anguish                  Hex/Necr       6%         N/A       61%         4
 Cause Fear               Hex            6%         N/A       61%         4
 Leda's Liquefaction      Hex/Erth       6%         N/A       61%         4
 Manifold Assault         Tloc           13%        N/A       61%         4
 Summon Forest            Summ/Tloc      6%         N/A       91%         5
 Spellforged Servitor     Conj/Summ      16%        N/A       92%         7
 Eringya's Noxious Bog    Tmut/Pois      6%         4d6       94%         6
 Ignition                 Fire           26%        3d9       95%         8
 Dispersal                Tloc           6%         N/A       100%        6
 Enfeeble                 Hex            6%         N/A       100%        7
 Summon Hydra             Summ           6%         N/A       100%        7
 Disjunction              Tloc           6%         N/A       100%        8
 Chain Lightning          Conj/Air       24%        3d32      100%        9
 Dragon's Call            Summ           6%         N/A       100%        9
 Fire Storm               Conj/Fire      26%        8d7       100%        9
 Shatter                  Erth           6%         3d9*      100%        9


Dungeon Overview and Level Annotations

Branches:
Dungeon (15/15)            Temple (1/1) D:5            Lair (5/5) D:11
 Shoals (4/4) Lair:2       Spider (0/4) Lair:3        Slime (0/5) Lair:5
    Orc (2/2) D:12            Elf (0/3) Orc:2        Vaults (1/5) D:14
 Depths (0/4) D:15          Sewer (visited)

Altars:
Ashenzari
Cheibriados
Dithmenos
Elyvilon
Fedhas
Gozag
Hepliaklqana
Kikubaaqudgha
Makhleb
Nemelex Xobeh
Okawaru
Qazlal
Ru
Sif Muna
Trog
Uskayaw
Vehumet
Wu Jian
Xom
Yredelemnul
Zin
The Shining One
Jiyva

Shops:
D:2 [   D:4 (   D:7 (   D:12 =(:[((   D:13 !   Orc:2 :[:[!

Annotations:
D:15 2 transporters, exclusion: ice statue, Zigma's ghost, journeyman DrSh
Lair:5 1 runed translucent door, mahan's ghost, journeyman HOFi
Shoals:2 Roxanne
Orc:2 3 runed translucent doors, Ethylacetat's ghost, adept VSMo; Stonecrops's ghost, journeyman GrFi; gyole's ghost, journeyman KoSu


Innate Abilities, Weirdness & Mutations

You have razor-sharp teeth.
Your natural rate of healing is unusually fast.
When hurt, damage is shared between your health and your magic reserves.
Your bite disrupts and absorbs the magic of your enemies.
Potions cannot restore your health.


Message History

Electricity crackles from the ironbound thunderhulk's apparatus.
The bolt of lightning hits you!!!
Ouch! That really hurt!
* * * LOW HITPOINT WARNING * * *
The ironbound preserver casts a spell.
The ironbound preserver begins to accept its allies' injuries.
The deep troll bites you!
* * * LOW HITPOINT WARNING * * *
The deep troll claws you but does no damage.
The deep troll claws you.
* * * LOW HITPOINT WARNING * * *
Okay, then.
Casting: Sticky Flame (mildly dangerous; 1% risk of failure)
Confirm with . or Enter, or press ? or * to list all spells.
You feel a surge of power!
The heat is drained from your surroundings.
The ironbound preserver is moderately wounded.
The deep troll is lightly wounded. x3; The vault warden is lightly wounded.
The ironbound thunderhulk is moderately wounded.
The vault guard is moderately wounded.
The vault guard is lightly wounded.
The vault sentinel is moderately wounded.
The vault guard hits you with a +0 battleaxe!!
* * * LOW HITPOINT WARNING * * *
The vault warden completely misses you.
Casting: Ozocubu's Refrigeration (quite dangerous; 12% risk of failure)
Confirm with . or Enter, or press ? or * to list all spells.
You don't have enough magic to cast this spell.
Casting: Ozocubu's Refrigeration (quite dangerous; 12% risk of failure)
Confirm with . or Enter, or press ? or * to list all spells.
Okay, then.
Casting: Ozocubu's Refrigeration (quite dangerous; 12% risk of failure)
Confirm with . or Enter, or press ? or * to list all spells.
You don't have enough magic to cast this spell.
Unknown command.
Unknown command.
Okay, then.
You fade into invisibility!
The vault guard hits you with a +0 dire flail!!
You die...

###+# .... #
...# #. ...#
#.###...###.
#...........
#..ppp......
#...@TO.....
#.###T..###.
Tp.# p..#
..... ######


You could see an ironbound preserver (unable to see you), a vault warden
(sheltered), an ironbound thunderhulk (sheltered, unable to see you), 2 vault
guards, 3 deep trolls and a vault sentinel (sheltered, catching breath).

Vanquished Creatures
  Jorgrun (D:12)
  Kirke (Shoals:2)
  Gastronok (D:10)
  Aizul (Shoals:4)
  Louise (Shoals:4)
  An orc warlord (Orc:2)
  An angel (Shoals:4)
  Nessos (D:14)
  6 merfolk javelineers (Shoals:4)
  11 merfolk impalers
  Fannar (Lair:1)
  A rakshasa (D:14)
  12 hydras
  An ogre mage (D:15)
  3 alligator snapping turtles
  A catoblepas (Lair:5)
  2 merfolk avatars (Shoals:2)
  4 centaur warriors
  5 boulder beetles
  11 two-headed ogres
  7 merfolk aquamancers
  2 satyrs
  3 tengu warriors
  9 death yaks
  3 orc high priests (Orc:2)
  Sonja (D:10)
  7 skysharks
  Nergalle (Lair:2)
  A fire crab (shapeshifter) (D:14)
  A pharaoh ant (Lair:2)
  A goliath frog (Lair:5)
  2 cherubim (Shoals:4)
  14 sea snakes
  A lindwurm (Lair:4)
  Pikel (D:8)
  2 wizards (D:14)
  18 harpies
  A necromancer (D:15)
  5 orc knights
  10 ugly things
  7 deep elf pyromancers
  2 wolf spiders (Lair:2)
  A deep elf zephyrmancer (D:15)
  11 manticores
  7 cyclopes
  3 orc sorcerers (Orc:2)
  12 fauns
  Maurice (D:13)
  12 elephants
  2 black mambas
  5 water nymphs
  7 merfolk sirens
  Maggie (D:10)
  18 cane toads
  A centaur skeleton (D:15)
  A tengu conjurer (D:15)
  16 komodo dragons
  4 kobold demonologists
  5 rime drakes
  5 trolls
  A tyrant leech (Lair:5)
  17 merfolk
  A wolf spider simulacrum (D:15)
  8 wind drakes
  10 snapping turtles
  2 tarantellas (Lair:3)
  3 dream sheep (Shoals:3)
  43 blink frogs
  4 slime creatures (D:12)
  7 water elementals
  3 wraiths
  2 shadows
  35 yaks
  3 vampires (D:12)
  8 wyverns
  16 humans
  5 basilisks
  5 hogs (Shoals:2)
  2 steam dragons
  A redback (Lair:3)
  4 wargs
  10 vampire mosquitoes
  13 water moccasins
  3 acid dragons
  3 black bears
  23 orc warriors
  2 sky beasts
  11 wolves
  19 centaurs
  13 ogres
  6 kobold brigands
  2 phantoms
  17 bullfrogs
  A gnoll sergeant (D:9)
  3 scorpions
  3 wights (D:8)
  3 killer bees
  4 howler monkeys
  5 electric eels
  3 hounds
  2 jellies (D:6)
  3 gnoll boudas
  11 orc priests
  An iguana (D:11)
  18 orc wizards
  A boggart skeleton (D:15)
  13 gnolls
  11 adders
  A river rat (Sewer)
  3 white imps (D:5)
  2 ufetubi
  7 worms
  3 dart slugs
  68 orcs
  6 ball pythons
  6 endoplasms
  A giant cockroach (D:4)
  3 hobgoblins
  12 kobolds
  8 quokkas
  2 bats
  3 frilled lizards
  8 goblins
  10 rats
804 creatures vanquished.

Vanquished Creatures (collateral kills)
  3 centaurs (Lair:3)
  2 wolves (Lair:2)
5 creatures vanquished.

Vanquished Creatures (others)
  A water elemental (Shoals:4)
  2 humans (Shoals:2)
  A centaur (D:11)
4 creatures vanquished.

Grand Total: 813 creatures vanquished

Notes
Turn   | Place    | Note
-------+----------+-------------------------------------------
     0 | D:5      | GordonOverkill the Vine Stalker Delver began the quest for
                  | the Orb.
     0 | D:5      | Reached XP level 1. HP: 11/11 MP: 2/2
    55 | D:6      | Noticed an orc warrior
    83 | D:6      | Reached skill level 1 in Evocations
   142 | D:6      | Reached XP level 2. HP: 16/16 MP: 3/3
   145 | D:6      | Found a glowing drain.
   149 | Sewer    | Entered a sewer
   420 | Sewer    | Reached XP level 3. HP: 19/19 MP: 4/4
   460 | Sewer    | Noticed a kobold brigand
   506 | Sewer    | Killed a kobold brigand
   507 | Sewer    | Gained mutation: Your natural rate of healing is unusually
                  | fast. [Vine Stalker growth]
   507 | Sewer    | Reached XP level 4. HP: 15/23 MP: 5/5
   608 | Sewer    | Noticed a kobold brigand
   609 | Sewer    | Killed a kobold brigand
   610 | Sewer    | Reached XP level 5. HP: 27/27 MP: 6/6
   952 | Sewer    | Reached skill level 5 in Evocations
   968 | Sewer    | Reached XP level 6. HP: 29/32 MP: 7/7
  1222 | D:8      | Found an iron altar of Okawaru.
  1225 | D:8      | Noticed Pikel
  1246 | D:7      | Learned a level 4 spell: Sticky Flame
  1258 | D:7      | Found a broken altar of Ashenzari.
  1303 | D:7      | Found Ighiv's Weapon Emporium.
  1417 | D:7      | Reached XP level 7. HP: 34/37 MP: 7/9
  1546 | D:7      | Reached skill level 1 in Spellcasting
  1546 | D:7      | Reached skill level 1 in Conjurations
  1546 | D:7      | Reached skill level 1 in Fire Magic
  1848 | D:9      | Noticed a yak
  1857 | D:10     | Entered Level 10 of the Dungeon
  1870 | D:10     | Noticed a cyclops
  1879 | D:10     | Noticed Gastronok
  1978 | D:12     | Noticed a boulder beetle
  1984 | D:11     | Noticed a kobold demonologist
  2062 | D:11     | Noticed a troll
  2068 | D:10     | Noticed Maggie
  2186 | D:9      | Noticed a steam dragon
  3298 | D:4      | Gained mutation: You have razor-sharp teeth. [Vine Stalker
                  | growth]
  3298 | D:4      | Reached XP level 8. HP: 42/42 MP: 13/13
  3821 | D:2      | Found Fiusk's Armour Boutique.
  3980 | D:1      | Found a faded altar of an unknown god.
  5297 | D:4      | Found Ateot's Weapon Shop.
  5940 | D:5      | Found a glowing silver altar of Zin.
  5943 | D:5      | Found a basalt altar of Yredelemnul.
  6063 | D:5      | Found a staircase to the Ecumenical Temple.
  6550 | Temple   | Entered the Ecumenical Temple
  6558 | Temple   | Became a worshipper of Vehumet
  6865 | D:6      | Reached XP level 9. HP: 40/45 MP: 15/17
  7110 | D:7      | Reached skill level 5 in Spellcasting
  7110 | D:7      | Reached skill level 5 in Conjurations
  7110 | D:7      | Reached skill level 5 in Fire Magic
  7648 | D:8      | Killed Pikel
  7649 | D:8      | Reached skill level 3 in Axes
  7726 | D:8      | Reached skill level 4 in Axes
  7732 | D:8      | Found a glowing golden altar of the Shining One.
  8270 | D:9      | Found a sacrificial altar of Ru.
  8278 | D:9      | Reached * piety under Vehumet
  8278 | D:9      | Offered knowledge of Freeze by Vehumet.
  8330 | D:9      | Reached skill level 5 in Axes
  8330 | D:9      | Reached XP level 10. HP: 49/49 MP: 18/20
  8400 | D:9      | Noticed a kobold demonologist
  8413 | D:9      | HP: 2/49 [killer bee (2)]
  8538 | D:10     | Killed a kobold demonologist
  8727 | D:9      | Noticed a cyclops
  8752 | D:9      | Killed a cyclops
  8759 | D:9      | Reached skill level 6 in Axes
  8768 | D:9      | Noticed an eight-headed hydra
  8769 | D:9      | Noticed a cyan ugly thing
  8976 | D:9      | Noticed a two-headed ogre
  8987 | D:9      | Killed a two-headed ogre
  9256 | D:9      | Noticed a two-headed ogre
  9258 | D:9      | Killed a cyan ugly thing
  9261 | D:9      | Reached XP level 11. HP: 49/53 MP: 19/23
  9346 | D:9      | Killed a two-headed ogre
  9347 | D:9      | Reached skill level 7 in Axes
  9411 | D:9      | Killed an eight-headed hydra
  9414 | D:9      | Reached ** piety under Vehumet
  9475 | D:9      | Offered knowledge of Shock by Vehumet.
  9508 | D:9      | Noticed a two-headed ogre
  9518 | D:9      | Killed a two-headed ogre
 10218 | D:10     | Noticed a two-headed ogre
 10226 | D:10     | Killed a two-headed ogre
 10248 | D:10     | Killed a cyclops
 10355 | D:10     | Killed Gastronok
 10356 | D:10     | Reached skill level 8 in Axes
 10689 | D:10     | Noticed Sonja
 10697 | D:10     | Killed Sonja
 10917 | D:10     | Killed Maggie
 10948 | D:10     | Reached XP level 12. HP: 21/58 MP: 12/25
 11013 | D:11     | Noticed a two-headed ogre
 11406 | D:11     | Reached skill level 9 in Axes
 11414 | D:11     | Killed a two-headed ogre
 11451 | D:11     | Offered knowledge of Scorch by Vehumet.
 11530 | D:11     | Found a staircase to the Lair.
 11616 | D:11     | Noticed a two-headed ogre
 11624 | D:11     | Killed a two-headed ogre
 11763 | D:11     | Reached *** piety under Vehumet
 11878 | D:11     | Reached skill level 10 in Axes
 12525 | Lair:1   | Entered Level 1 of the Lair of Beasts
 12525 | Lair:1   | Noticed Fannar
 12561 | D:11     | Offered knowledge of Stone Arrow by Vehumet.
 12680 | Lair:1   | Killed Fannar
 12897 | Lair:1   | Reached skill level 11 in Axes
 13325 | Lair:1   | Reached **** piety under Vehumet
 13420 | Lair:1   | Reached skill level 12 in Axes
 13420 | Lair:1   | HP: 2/58 [blink frog (10)]
 13607 | Lair:1   | Reached XP level 13. HP: 33/61 MP: 11/27
 13608 | Lair:1   | Offered knowledge of Lee's Rapid Deconstruction by Vehumet.
 13700 | Lair:1   | Learned a level 5 spell: Freezing Cloud
 13774 | Lair:1   | Reached skill level 1 in Ice Magic
 13774 | Lair:1   | Reached skill level 1 in Air Magic
 15768 | Lair:2   | Found a staircase to the Shoals.
 16437 | Lair:2   | Reached skill level 5 in Fighting
 16544 | Lair:2   | Noticed Nergalle
 16553 | Lair:2   | Killed Nergalle
 17797 | Lair:2   | Found a staircase to the Shoals.
 18508 | Lair:3   | Found a hole to the Spider Nest.
 18670 | Lair:3   | Reached skill level 13 in Axes
 19571 | Lair:3   | Reached skill level 5 in Ice Magic
 19571 | Lair:3   | Reached skill level 5 in Air Magic
 19671 | Lair:3   | Reached XP level 14. HP: 56/70 MP: 15/28
 19675 | Lair:3   | Reached ***** piety under Vehumet
 19825 | Lair:3   | Found a hazy altar of Hepliaklqana.
 20177 | Lair:3   | Offered knowledge of Fulminant Prism by Vehumet.
 21177 | Lair:5   | Entered Level 5 of the Lair of Beasts
 22540 | Lair:5   | Reached skill level 14 in Axes
 22638 | Lair:5   | Offered knowledge of Fireball by Vehumet.
 23038 | Lair:5   | Reached XP level 15. HP: 21/78 MP: 29/29
 23344 | Lair:5   | Found a runed translucent door.
 23344 | Lair:5   | Noticed mahan's ghost (journeyman HOFi)
 23592 | Lair:5   | Identified the +5 scale mail of Onoanuda {rF+++ rC+ Regen+
                  | Int-3}
 23763 | Lair:5   | Found a viscous altar of Jiyva.
 23767 | Lair:5   | Found a staircase to the Slime Pits.
 24260 | D:12     | Found Luytuepui's Weapon Shop.
 24260 | D:12     | Found a staircase to the Orcish Mines.
 24260 | D:12     | Found Amej's Armour Shop.
 24320 | D:12     | Bought a +0 pair of gloves of strength for 115 gold pieces
 24426 | D:12     | Found Aqull's Book Boutique.
 24426 | D:12     | Found Ygoiv's Weapon Emporium.
 24535 | D:12     | Found Hoiquy's Jewellery Shoppe.
 24558 | D:12     | Found Butuser's Antique Weapon Shop.
 24558 | D:12     | Noticed Jorgrun
 24676 | D:12     | Killed Jorgrun
 24677 | D:12     | Reached skill level 10 in Spellcasting
 25215 | D:13     | Found a radiant altar of Vehumet.
 25306 | D:13     | Noticed Maurice
 25313 | D:13     | Killed Maurice
 26085 | D:13     | Learned a level 4 spell: Airstrike
 26091 | D:13     | Learned a level 5 spell: Fireball
 26094 | D:13     | Learned a level 2 spell: Blink
 26466 | D:13     | Found Xoomack's Distillery.
 26474 | D:13     | Bought a potion of haste for 110 gold pieces
 26474 | D:13     | Bought 2 potions of mutation for 176 gold pieces
 26474 | D:13     | Bought a potion of resistance for 110 gold pieces
 27171 | D:14     | HP: 2/80 [two-headed ogre/+0 giant club (14)]
 27486 | D:14     | Offered knowledge of Plasma Beam by Vehumet.
 27487 | D:14     | Reached skill level 15 in Axes
 27659 | D:14     | Reached skill level 10 in Fighting
 28723 | D:14     | Found a gate to the Vaults.
 28980 | D:14     | Found Zin's Purification Station.
 28986 | D:14     | Found a glowing silver altar of Zin.
 28989 | D:14     | Bought 2 potions of curing for 180 gold pieces
 29048 | D:14     | Noticed Nessos
 29056 | D:14     | Killed Nessos
 29342 | D:15     | Entered Level 15 of the Dungeon
 29680 | D:15     | HP: 1/81 [centaur warrior/arrow (14)]
 30083 | D:15     | Reached XP level 16. HP: 64/86 MP: 15/32
 30166 | D:15     | Identified the ring of Wyebar {EV+5 Str+3}
 30616 | D:15     | Noticed Zigma's ghost (journeyman DrSh)
 30617 | D:15     | Found a transporter.
 30622 | D:15     | Found a transporter.
 31114 | D:15     | Found a staircase to the Depths.
 31123 | D:15     | Offered knowledge of Starburst by Vehumet.
 31449 | Orc:1    | Entered Level 1 of the Orcish Mines
 31770 | Orc:2    | Entered Level 2 of the Orcish Mines
 32380 | Orc:2    | Found a staircase to the Elven Halls.
 32447 | Orc:2    | Found Gaodo's Book Boutique.
 33138 | Orc:2    | Found Bisihur's Distillery.
 33138 | Orc:2    | Found Vuewixu's Armour Shoppe.
 33153 | Orc:2    | Found Puewov's Book Boutique.
 33153 | Orc:2    | Found Zivaesh's Armour Shoppe.
 33347 | Orc:2    | Found a runed translucent gate.
 33348 | Orc:2    | Found a runed translucent gate.
 33349 | Orc:2    | Found a runed translucent gate.
 33351 | Orc:2    | Noticed gyole's ghost (journeyman KoSu)
 33351 | Orc:2    | Noticed Ethylacetat's ghost (adept VSMo)
 33352 | Orc:2    | Noticed Stonecrops's ghost (journeyman GrFi)
 33452 | Orc:2    | Bought a manual of Dodging for 1200 gold pieces
 33548 | Shoals:1 | Entered Level 1 of the Shoals
 34253 | Shoals:1 | Reached skill level 16 in Axes
 34532 | Shoals:1 | Reached skill level 5 in Dodging
 35204 | Shoals:2 | Noticed Kirke
 35215 | Shoals:2 | Killed Kirke
 35539 | Shoals:2 | Identified a scroll of acquirement
 35540 | Shoals:2 | Acquired 403 gold pieces
 35565 | Shoals:2 | Noticed Roxanne
 35608 | Shoals:2 | Offered knowledge of Ozocubu's Refrigeration by Vehumet.
 35619 | Shoals:2 | Learned a level 7 spell: Ozocubu's Refrigeration
 36247 | Shoals:2 | Reached XP level 17. HP: 86/93 MP: 17/34
 37792 | Shoals:3 | Reached skill level 10 in Dodging
 38375 | Shoals:4 | Entered Level 4 of the Shoals
 38585 | Shoals:4 | Noticed Louise
 38767 | Shoals:4 | Killed Louise
 38773 | Shoals:4 | Offered knowledge of Conjure Ball Lightning by Vehumet.
 38779 | Shoals:4 | Reached skill level 10 in Ice Magic
 39076 | Shoals:4 | Identified the +10 quarterstaff "Hacenuu" {protect, Fly
                  | rN+}
 39453 | Shoals:4 | Found a glowing silver altar of Zin.
 39535 | Shoals:4 | Got the Almanac of the Brume
 39855 | Shoals:4 | Found a white marble altar of Elyvilon.
 39941 | Shoals:4 | Noticed Aizul
 39968 | Shoals:4 | HP: 2/93 [manticore (10)]
 39973 | Shoals:4 | HP: 4/93 [manticore (1)]
 40416 | Shoals:4 | Identified the +2 robe of Winter {+Blink rPois rC++ Will+}
 40808 | Shoals:4 | Killed Aizul
 41075 | Shoals:4 | Got a barnacled rune of Zot
 41379 | Vaults:1 | Entered Level 1 of the Vaults
 41382 | Vaults:1 | Mangled by a vault guard

Illustrated notes

Levels and vault maps discovered:
D:1:      dpeg_arrival_erosion, layout_rooms, hellmonk_ecumenical_altar_run_dry
D:2:      layout_loops_ring, serial_shops, shop, serial_forest,
          infiniplex_forest_straight_2, infiniplex_forest_clump_C,
          infiniplex_forest_lined_corner, infiniplex_forest_lined_2,
          infiniplex_forest_straight_5
D:3:      layout_rooms, serial_park_tiny_1
D:4:      layout_cave_pods, serial_shops, nicolae_shop_statue_plus
D:5:      kennysheep_spiral_hall, layout_basic, grunt_temple_overflow_open,
          minmay_temple_entry_gardened_gates
D:6:      layout_loops_ring, gup_sewer_entry_bowl
D:7:      layout_cave_pools, cheibrodos_ashenzari_chains, serial_shops,
          nicolae_lakefront_shop, hangedman_glass_teeth, serial_park_tiny_pond
D:8:      layout_rooms, mainiacjoe_overflow_catch_the_wave, uniq_pikel
D:9:      nzn_winding_woodlands_three_and_one
          [nzn_winding_woodlands_5x15_garden,
          nzn_winding_woodlands_5x15_concentric,
          nzn_winding_woodlands_5x15_longhouse,
          nzn_winding_woodlands_center_garden], layout_rooms,
          nicolae_ru_great_annihilating_truth, roderic_serpentine_path,
          grunt_ministairs_8, reono_crystal_passage
D:10:     layout_basic, minmay_sticks_and_stones, uniq_sonja, uniq_maggie,
          uniq_gastronok
D:11:     layout_cross, minmay_lair_entry_grove, kennysheep_generic_room_10
D:12:     layout_roguey, orc_david_3, serial_shops, nicolae_shop_statue_plus,
          shop, shop, shop_fountains, uniq_jorgrun
D:13:     layout_basic, serial_shops, shop, nicolae_vehumet_altar_sigil,
          uniq_maurice
D:14:     layout_layer_cave, david_vaults_3, kennysheep_decorative_pillar,
          zin_purify, uniq_nessos
D:15:     grunt_enter_depths_magical_seal, layout_small_grid, minivault_26,
          gammafunk_ghost_hive, minivault_16
Temple:   lightli_temple_of_artemis
Lair:1:   layout_layer_cave, uniq_fannar
Lair:2:   layout_small_grid, minmay_shoals_entry_beasts,
          nicolae_lair_run_with_the_wolves, grunt_megastairs_5, uniq_nergalle
Lair:3:   layout_cave_pods, nicolae_spider_entry_lesser_pyramids,
          lemuel_centaur_altar, grunt_megastairs_1
Lair:4:   layout_cave_shapes
Lair:5:   minmay_lair_end_frog_pond, layout_concentric_octagons,
          dpeg_slime_entry_corner, gammafunk_ghost_grave
Shoals:1: layout_shoals, nicolae_shoals_gull_way
Shoals:2: layout_shoals, nicolae_shoals_lost_giant_hut, uniq_roxanne, uniq_kirke
Shoals:3: layout_shoals, nicolae_shoals_water_booths
Shoals:4: shoals_end_hellmonk_holy_island, serial_shops, uniq_louise, uniq_aizul
Orc:1:    layout_caves
Orc:2:    grunt_orc_tribal_feast, layout_caves, basic_altar,
          gammafunk_ghost_cemetery, serial_shops, shop
Vaults:1: nicolae_vaults_apartment_1, nicolae_vaults_prndl, v_misc_2,
          vaults_mumra_hex, nicolae_vaults_yaktaur_gun_rack, v_alt_pattern_5,
          v_misc_18, ontoclasm_vaults_gateway, nicolae_vaults_triangles,
          vaults_room_door_ring, layout_vaults_ring, uniq_donald

Skill      XL: |  1  2  3  4  5  6  7  8  9 10 11 12 13 14 15 16 17 |
---------------+----------------------------------------------------+-----
Evocations     | 1 2 3 4 5 |  5.0
Fighting       | 4 6 8 10 12 | 12.0
Dodging        | 2 8 10 | 10.4
Spellcasting   | 3 4 6 7 8 9 11 12 | 12.2
Conjurations   | 3 4 6 7 8 9 |  9.0
Fire Magic     | 3 4 6 7 8 9 |  9.0
Axes           | 5 6 8 12 13 14 15 16 | 16.0
Ice Magic      | 5 7 12 | 12.2
Air Magic      | 5 7 |  7.0
Short Blades   | |  1.7
Stealth        | |  6.0

Action                     |  1- 3 |  4- 6 |  7- 9 | 10-12 | 13-15 | 16-18 || total
---------------------------+-------+-------+-------+-------+-------+-------++-------
  Melee: Short sword       |    84 |    95 |   301 |       |       |       ||   480
         Bite              |    18 |    24 |   180 |   174 |   211 |   143 ||   750
         Punch             |     1 |       |    10 |     6 |     8 |     8 ||    33
         Dagger            |       |       |   270 |   190 |       |       ||   460
         War axe           |       |       |       |   210 |   411 |   332 ||   953
         Morningstar       |       |       |       |       |    20 |       ||    20
  Throw: Dart              |       |       |     2 |    19 |    17 |     3 ||    41
   Cast: Sticky Flame      |       |       |       |    88 |   186 |   130 ||   404
         Freezing Cloud    |       |       |       |       |   120 |   209 ||   329
         Ozocubu's Refrige |       |       |       |       |       |     1 ||     1
  Evoke: Wand              |     3 |     5 |     3 |    11 |    14 |    19 ||    55
    Use: Scroll            |       |       |    16 |     9 |     6 |     9 ||    40
         Potion            |       |       |     2 |     7 |     5 |    11 ||    25
   Stab: Sleeping          |     1 |     6 |    17 |     2 |     3 |       ||    29
         Distracted        |       |       |     1 |     1 |       |       ||     2
         Invisible         |       |       |       |     1 |       |       ||     1
 Armour: Leather armour    |     6 |    14 |    77 |       |       |       ||    97
         Scale mail        |       |       |    92 |       |       |       ||    92
         Skin              |       |       |     2 |       |       |       ||     2
         Steam dragon scal |       |       |    13 |   182 |   282 |   133 ||   610
  Dodge: Dodged            |    34 |    44 |   478 |   535 |   393 |   312 ||  1796

Table legend: (Time is in decaauts)
 A = Elapsed time spent in this place.
 B = Non-inter-level travel time spent in this place.
 C = Inter-level travel time spent in this place.
 D = Time resting spent in this place.
 E = Time spent auto-exploring this place.
 F = Levels seen in this place.
 G = Mean time per level.
                   A        B        C        D        E       F      G
               +--------+--------+--------+--------+--------+-----+--------+
         Total |  41639 |  39687 |   1952 |  14255 |  16310 |  29 | 1435.8 |
       Dungeon |  19085 |  17707 |   1378 |   5124 |   7657 |  15 | 1272.3 |
        Temple |     16 |      2 |     14 |      0 |      0 |   1 |   16.0 |
          Lair |  11618 |  11287 |    331 |   4189 |   5401 |   5 | 2323.6 |
        Shoals |   7813 |   7674 |    139 |   4133 |   1963 |   4 | 1953.2 |
  Orcish Mines |   2028 |   1941 |     87 |    734 |    811 |   2 | 1014.0 |
        Vaults |      2 |      2 |      0 |      0 |      0 |   1 |    2.0 |
         Sewer |   1074 |   1074 |      0 |     74 |    477 |   1 | 1074.0 |
               +--------+--------+--------+--------+--------+-----+--------+

Top non-repeatable levels by time:
    D:14: 3014 daAuts
  Lair:2: 2979 daAuts
  Lair:1: 2957 daAuts
  Lair:5: 2609 daAuts
Shoals:3: 2272 daAuts
Shoals:4: 2191 daAuts
     D:9: 2155 daAuts
  Lair:3: 1929 daAuts
Shoals:1: 1904 daAuts
    D:10: 1896 daAuts
    D:13: 1720 daAuts
    D:15: 1546 daAuts
    D:11: 1529 daAuts
Shoals:2: 1444 daAuts
     D:4: 1442 daAuts
